Map: 瑟拉斯遺跡

Players

Fist

  • Race: Zerg Zerg
  • League: Diamond

YouRush (JoJo) - Winner!

  • Race: Zerg Zerg
  • League: Master

Event: 2016 WCS Winter Challenger Taiwan

VOD

Have the link to the VOD?

Description

Time

  • Played on: Jan. 14, 2016, 8:16 a.m.
  • Length: 13:04

All games in this series

Show
View Real Time Build Order
Export as new Build Order

Fist Zerg 

Build Orders: Hatch First 

Get SALT Encoding   

  12  0:00  Drone  
  13  0:12  Overlord  
  13  0:18  Drone  
  14  0:31  Drone x2  
  16  0:36  Drone  
  17  0:56  Hatchery  
  16  1:00  Drone  
  17  1:09  Extractor  
  16  1:15  Spawning Pool  
  15  1:23  Drone x2  
  17  1:28  Drone  
  18  1:36  Overlord  
  18  2:03  Zergling x4  
  18  2:04  Queen  
  22  2:08  Zergling x2  
  22  2:10  Metabolic Boost  
  22  2:15  Queen  
  25  2:21  Zergling x2  
  26  2:33  Zergling x4  
  26  2:36  Spine Crawler  
  27  2:39  Zergling x2  
  28  2:52  Baneling Nest  
  28  2:55  Overlord  
  27  3:16  Zergling x8  
  27  3:18  Overlord  
  31  3:28  Zergling x4  
  33  3:39  Zergling x6  
  31  3:55  Zergling x6  
  30  3:57  Baneling  
  30  3:58  Baneling  
  30  4:16  Zergling x2  
  32  4:17  Zergling x8  
  32  4:27  Zergling x4  
  31  4:47  Zergling x10  
  34  4:53  Baneling x4  
  34  4:55  Drone  
  34  5:11  Zergling x8  
  36  5:19  Zergling x2  
  30  5:30  Drone x4  
  32  5:42  Drone  
  33  5:43  Drone  
  33  5:46  Drone  
  35  5:53  Lair  
  35  5:55  Drone x2  
  37  6:00  Baneling x2  
  37  6:03  Drone  
  38  6:11  Drone x5  
  43  6:17  Overlord  
  43  6:21  Drone  
  43  6:24  Drone, Extractor x2  
  43  6:28  Drone  
  44  6:43  Zergling x16  
  52  6:48  Overlord  
  52  6:52  Overlord  
  52  7:02  Spire  
  51  7:11  Drone x4  
  51  7:14  Extractor  
  54  7:23  Zergling x2  
  54  7:24  Zergling x6  
  39  8:16  Mutalisk x7  
  26  8:57  Hatchery  
  25  10:12  Drone  
  26  10:24  Drone  
  27  10:41  Drone x2  
  28  11:07  Spawning Pool  
  28  11:10  Drone  
  28  11:11  Drone  
  28  11:43  Drone  
  29  11:56  Hatchery  
  29  11:59  Zergling x2  
  29  12:00  Zergling x4  
  19  12:30  Zergling x4  
Show
View Real Time Build Order
Export as new Build Order

YouRush Zerg - Winner!

Build Orders: Pool First 

Get SALT Encoding   

  12  0:00  Drone  
  13  0:08  Drone  
  14  0:17  Overlord  
  14  0:36  Drone  
  14  0:37  Drone x2  
  17  0:46  Spawning Pool  
  17  0:48  Drone  
  17  0:51  Extractor  
  16  0:59  Drone  
  17  1:11  Drone  
  18  1:20  Hatchery  
  18  1:25  Drone  
  18  1:35  Queen  
  20  1:44  Drone  
  20  1:46  Overlord  
  21  2:02  Roach Warren  
  21  2:05  Metabolic Boost  
  20  2:12  Drone  
  21  2:19  Queen  
  23  2:32  Drone  
  23  2:33  Zergling x4  
  23  2:34  Zergling x2  
  27  2:53  Roach x4  
  35  3:01  Overlord  
  35  3:22  Zergling x8  
  35  3:23  Zergling x2  
  40  3:30  Drone x3  
  40  3:31  Overlord  
  40  3:33  Drone  
  44  3:44  Overlord  
  41  3:48  Zergling x2  
  41  3:49  Zergling x4  
  41  3:55  Drone  
  43  4:03  Drone  
  43  4:04  Drone x3  
  43  4:05  Drone  
  48  4:14  Drone x3  
  48  4:15  Drone  
  48  4:29  Drone x2  
  50  4:32  Extractor  
  50  4:33  Extractor  
  50  4:35  Spine Crawler  
  50  4:36  Drone x2  
  50  4:37  Drone x3  
  49  4:41  Zergling x6  
  52  4:48  Zergling x2  
  52  4:50  Zergling x2  
  47  4:55  Evolution Chamber  
  46  5:01  Roach x4  
  54  5:11  Roach  
  54  5:12  Zergling x2, Roach x3  
  58  5:17  Zergling x2  
  57  5:26  Zergling x2  
  52  5:36  Queen, Roach x3  
  60  5:44  Overlord  
  60  5:48  Zerg Missile Weapons Level 1  
  60  5:51  Overlord  
  60  5:56  Overlord  
  60  6:05  Ravager x5  
  60  6:06  Roach  
  60  6:07  Overlord  
  67  6:11  Drone  
  67  6:12  Drone x3  
  71  6:21  Drone  
  71  6:22  Drone  
  73  6:27  Drone x2  
  73  6:28  Lair  
  73  6:31  Roach  
  73  6:32  Roach  
  79  6:38  Roach  
  81  6:43  Roach x2  
  81  6:45  Roach  
  87  6:48  Roach  
  87  6:50  Roach  
  91  7:00  Overlord  
  91  7:09  Overlord  
  91  7:15  Overlord  
  91  7:20  Roach x4  
  99  7:28  Roach  
  99  7:29  Roach x3  
  107  7:34  Roach x3  
  113  7:41  Roach  
  95  7:51  Roach  
  95  7:56  Roach  
  93  8:02  Roach x2  
  96  8:08  Roach x3  
  101  8:20  Zergling x2  
  101  8:26  Spore Crawler  
  100  8:27  Drone  
  100  8:28  Drone x2, Spore Crawler  
  102  8:40  Drone  
  103  8:43  Drone, Queen  
  100  8:53  Queen  
  96  8:56  Spore Crawler  
  94  9:07  Drone  
  94  9:09  Spore Crawler  
  92  9:10  Spore Crawler  
  92  9:14  Spore Crawler  
  92  9:15  Spore Crawler  
  89  9:18  Drone  
  88  9:28  Drone x3  
  85  9:46  Drone  
  85  9:50  Drone x3  
  85  9:51  Drone x3  
  88  9:55  Spore Crawler  
  87  10:10  Hydralisk Den  
  87  10:14  Queen  
  88  10:25  Zergling x12  
  94  10:36  Drone x2  
  94  10:37  Drone  
  97  10:46  Overlord  
  97  10:54  Hydralisk x3  
  100  11:02  Hydralisk  
  100  11:07  Hydralisk  
  102  11:19  Hydralisk  
  102  11:36  Nydus Network  
  102  11:39  Overseer  
  101  11:41  Queen  
  101  11:42  Queen  
  101  11:45  Drone  
  106  11:47  Drone x2, Extractor  
  97  12:26  Hydralisk x8  
  113  12:30  Zergling x2  
  113  12:31  Zergling x4  
  114  12:40  Nydus Canal  
Tags
 
Add a new tag
Caveats
  • Supply blocks, unpowered buildings, or Contaminate may cause inaccurate times.
  • Supply counts are checked every 10 seconds.